 Dungeon Crawl Stone Soup version 0.28-a0-1128-gb845255321 (webtiles) character file.

Game seed: 9932044672576900115

283 LadyOphelia the Slasher (level 6, 0/56 HPs)
             Began as a Minotaur Berserker on Dec 12, 2021.
             Was a Follower of Trog (penitent).
             Slain by an iguana (7 damage)
             ... on level 4 of the Dungeon.
             The game lasted 00:08:06 (3103 turns).

LadyOphelia the Slasher (Minotaur Berserker)        Turns: 3103, Time: 00:08:06

Health: 0/56       AC:  2    Str: 24    XL:     6   Next: 7%
Magic:  5/5        EV: 12    Int:  4    God:    Trog [*]
Gold:   183        SH:  0    Dex:  9    Spells: 4/5 levels left

rFire   + . .      SeeInvis .   a - +0 falchion
rCold   . . .      Faith    .   (no shield)
rNeg    . . .      Spirit   .   b - +0 animal skin
rPois   +          Reflect  .   (helmet restricted)
rElec   .          Harm     .   (no cloak)
rCorr   .          Rampage  .   (no gloves)
Will    .....                   (no boots)
Stlth   +.........              (no amulet)
HPRegen 0.18/turn               c - ring of protection from fire
MPRegen 0.09/turn               f - ring of poison resistance

@: no status effects
A: horns 2, retaliatory headbutt
a: Renounce Religion


You were on level 4 of the Dungeon.
You worshipped Trog.
Trog was demanding penance.
You visited 1 branch of the dungeon, and saw 4 of its levels.

You collected 183 gold pieces.

Inventory:

Hand Weapons
 a - a +0 falchion (weapon)
Armour
 b - a +0 animal skin (worn)
Jewellery
 c - a ring of protection from fire (left hand)
 d - a ring of resist corrosion
 f - a ring of poison resistance (right hand)
 g - a ring of fire
Wands
 e - a wand of flame (22)


   Skills:
 + Level 5.3 Fighting
 + Level 6.6 Long Blades
 + Level 3.0 Armour
 - Level 2.1 Dodging
 + Level 1.2 Stealth


You had 4 spell levels left.
You knew the following spells:

 Your Spells              Type           Power      Damage    Failure   Level
a - Summon Small Mammal   Summ           0%         N/A       50%         1

Your spell library contained the following spells:

 Spells                   Type           Power      Damage    Failure   Level
 Animate Skeleton         Necr           0%         N/A       50%         1
 Apportation              Tloc           0%         N/A       50%         1
 Corpse Rot               Necr/Air       0%         N/A       65%         2
 Passwall                 Tmut/Erth      0%         N/A       65%         2
 Poisonous Vapours        Pois/Air       0%         N/A       65%         2
 Swiftness                Air            0%         N/A       86%         3
 Petrify                  Tmut/Erth      0%         N/A       99%         4
 Summon Ice Beast         Ice/Summ       0%         N/A       99%         4
 Statue Form              Tmut/Erth      0%         N/A       100%        6


Dungeon Overview and Level Annotations

Branches:
Dungeon (4/15)
 Temple: D:4-7

Altars:


Innate Abilities, Weirdness & Mutations

You have a pair of horns on your head.
You reflexively headbutt those who attack you in melee.


Message History

The hound bites you. x2
You hit the hound.
The hound is moderately wounded.
The hound completely misses you.
You hit the hound.
The hound is heavily wounded.
The hound closely misses you. The hound misses you. You furiously retaliate!
You headbutt the hound!
You kill the hound!
Trog accepts your kill.
You have reached level 6!
Okay, then.
Okay, then.
HP restored.
Found 13 poisoned darts.
An iguana and a scorpion come into view.
Found a ruby potion.
Found a stone staircase leading down.
The iguana hisses angrily.
You hit the iguana.
The iguana is moderately wounded.
The iguana bites you.
You hit the iguana.
The iguana is heavily wounded.
The iguana bites you!
You hit the iguana.
The iguana is heavily wounded.
The iguana bites you!
You hit the iguana but do no damage.
The iguana is heavily wounded.
The scorpion closely misses you. The iguana bites you.
You hit the iguana.
The iguana is severely wounded.
The scorpion stings you! The iguana bites you!
* * * LOW HITPOINT WARNING * * *
The scorpion stings you!
* * * LOW HITPOINT WARNING * * *
You hit the iguana but do no damage. Your headbutt misses the iguana.
The iguana is severely wounded.
The iguana bites you!
You die...

# #..#.# ###.#..####
. ..#(# #.......>..
#.#.#.#
###.#........
#.#.#.####........#
................##
#............###
#...##.###.#)#
#..s...# #.#.#
##.@######.#.#
#.l##.......# ###
#..!.#......#####.#
...>........(......
##....###.##.#####.#
#.###...# #.# #.# #.
### #.# #.# #. ..#
##.# ### ##.#.


You could see a scorpion and an iguana.

Vanquished Creatures
  A scorpion (D:3)
  2 hounds (D:4)
  An iguana (D:4)
  2 orc wizards (D:4)
  3 adders (D:2)
  3 worms (D:2)
  A dart slug (D:2)
  5 orcs
  7 endoplasms
  3 giant cockroaches
  3 goblins
  A hobgoblin (D:2)
  3 quokkas
  3 ball pythons
  6 bats
  2 frilled lizards (D:2)
  6 kobolds
  6 rats
58 creatures vanquished.

Notes
Turn   | Place    | Note
-------+----------+-------------------------------------------
     0 | D:1      | LadyOphelia the Minotaur Berserker began the quest for the
                  | Orb.
     0 | D:1      | Reached XP level 1. HP: 19/19 MP: 0/0
    58 | D:1      | Found a faded altar of an unknown god.
   108 | D:1      | Got the Grimoire of Creative Earth
   249 | D:1      | Reached skill level 4 in Long Blades
   259 | D:1      | Reached XP level 2. HP: 21/27 MP: 1/1
   825 | D:2      | Reached XP level 3. HP: 23/33 MP: 2/2
   826 | D:2      | Reached ** piety under Trog
  1689 | D:2      | Reached XP level 4. HP: 41/41 MP: 3/3
  1725 | D:2      | Was placed under penance by Trog
  1727 | D:2      | Learned a level 1 spell: Summon Small Mammal
  2438 | D:3      | Reached skill level 5 in Long Blades
  2560 | D:3      | Noticed a scorpion
  2573 | D:3      | Killed a scorpion
  2574 | D:3      | Reached skill level 5 in Fighting
  2574 | D:3      | Reached XP level 5. HP: 48/48 MP: 4/4
  2855 | D:4      | Reached skill level 6 in Long Blades
  2860 | D:4      | Reached skill level 1 in Stealth
  3026 | D:4      | Reached XP level 6. HP: 44/56 MP: 5/5
  3103 | D:4      | Slain by an iguana

Illustrated notes

Levels and vault maps discovered:
D:1:      lemuel_arrival_tunnels, layout_rooms,
          hellmonk_ecumenical_altar_pennies_from_heaven
D:2:      layout_loops_ring
D:3:      layout_rooms
D:4:      layout_loops_ring

Skill      XL: |  1  2  3  4  5 |
---------------+----------------+-----
Long Blades    | 4 5 6 |  6.6
Fighting       | 4 5 |  5.3
Armour         | 3 |  3.0
Stealth        | 1 |  1.2
Dodging        | |  2.1

Action                   |  1- 3 |  4- 6 || total
-------------------------+-------+-------++-------
Melee: Falchion          |    65 |    66 ||   131
       Headbutt          |    18 |    15 ||    33
Evoke: Wand              |       |     1 ||     1
  Use: Potion            |     1 |     3 ||     4
Armor: Animal skin       |    10 |     7 ||    17
Dodge: Dodged            |    47 |    53 ||   100

Table legend: (Time is in decaauts)
 A = Elapsed time spent in this place.
 B = Non-inter-level travel time spent in this place.
 C = Inter-level travel time spent in this place.
 D = Time resting spent in this place.
 E = Time spent auto-exploring this place.
 F = Levels seen in this place.
 G = Mean time per level.
                   A        B        C        D        E       F      G
               +--------+--------+--------+--------+--------+-----+--------+
         Total |   3110 |   3040 |     70 |    611 |   1860 |   4 |  777.5 |
       Dungeon |   3110 |   3040 |     70 |    611 |   1860 |   4 |  777.5 |
               +--------+--------+--------+--------+--------+-----+--------+

Top non-repeatable levels by time:
     D:2: 1431 daAuts
     D:3: 739 daAuts
     D:1: 566 daAuts
     D:4: 372 daAuts
